 Dungeon Crawl Stone Soup version 0.28-a0-479-g5baa6b73be (webtiles) character file.

Game seed: 16109535884359365979

4726 Conn the Arsonist (level 10, -3/60 HPs)
             Began as an Octopode Fire Elementalist on Sept 18, 2021.
             Slain by an orc knight (22 damage)
             ... in a bailey.
             The game lasted 00:47:33 (10312 turns).

Conn the Arsonist (Octopode Fire Elementalist)     Turns: 10312, Time: 00:47:33

Health: -3/60      AC:  5    Str:  3    XL:     10   Next: 45%
Magic:  3/28       EV: 14    Int: 24    God:
Gold:   472        SH:  0    Dex: 18    Spells: 1/22 levels left

rFire   + + .      SeeInvis .   p - +5 trident of Chagrin {vorpal, Int+3}
rCold   + . .      Faith    .   (no shield)
rNeg    + + +      Spirit   .   (helmet restricted)
rPois   +          Reflect  .   (no amulet)
rElec   .          Harm     .   a - ring of magical power
rCorr   .          Rampage  .   d - ring of positive energy
Will    +....                   f - +6 ring of dexterity
Stlth   +++.......              v - ring of protection from fire
HPRegen 0.20/turn               k - ring "Lefaoxam" {rPois rN++ AC+4 Str-5 Stlth-}
MPRegen 0.21/turn               l - ring "Zeol" {rF+ rC+ rN+ Will+}
                                (no ring)
                                (no ring)

@: very slightly contaminated
A: almost no armour, amphibious, 8 rings, camouflage 1, gelatinous body 1,
(nimble swimmer 1), tentacles
a: no special abilities


You were in a bailey.
You visited 2 branches of the dungeon, and saw 8 of its levels.
You also visited: Bailey.

You collected 472 gold pieces.

Inventory:

Hand Weapons
 b - a +0 rapier
 e - a +0 dagger of speed
 p - the +5 trident of Chagrin (weapon) {vorpal, Int+3}
   (You took it off an orc in a bailey)

   It inflicts extra damage upon your enemies.
   Int:       It affects your intelligence (+3).
 r - a +1 dagger of flaming
Magical Staves
 c - a staff of air
Jewellery
 a - a ring of magical power (left tentacle)
 d - a ring of positive energy (right tentacle)
 f - a +6 ring of dexterity (on tentacle)
 k - the ring "Lefaoxam" (on tentacle) {rPois rN++ AC+4 Str-5 Stlth-}
   (You acquired it in a bailey)

   [ring of protection]

   AC:        It affects your AC (+4).
   Str:       It affects your strength (-5).
   rPois:     It protects you from poison.
   rN:        It greatly protects you from negative energy.
   Stlth:     It makes you less stealthy.
 l - the ring "Zeol" (on tentacle) {rF+ rC+ rN+ Will+}
   (You acquired it in a bailey)

   [ring of protection from cold]

   rF:        It protects you from fire.
   rC:        It protects you from cold.
   rN:        It protects you from negative energy.
   Will:      It increases your willpower.
 v - a ring of protection from fire (on tentacle)
Scrolls
 g - 4 scrolls of identify {unknown}
 h - a scroll of fear {unknown}
 m - 3 scrolls of teleportation
 o - a scroll of holy word {unknown}
 q - 3 scrolls of enchant armour {unknown}
 s - a scroll of blinking {unknown}
 t - a scroll of enchant weapon {unknown}
 w - a scroll of magic mapping {unknown}
 y - a scroll of brand weapon {unknown}
 z - 2 scrolls of fog {unknown}
Potions
 i - a potion of degeneration


   Skills:
 + Level 2.0 Fighting
 + Level 2.2 Short Blades
 + Level 1.0 Polearms
 + Level 3.5 Dodging
 + Level 5.7 Stealth
 + Level 6.5 Spellcasting
 + Level 5.4 Conjurations
 - Level 3.2 Hexes
 + Level 0.1 Transmutations
 * Level 9.0 Fire Magic
 * Level 4.0 Air Magic
 - Level 4.0 Poison Magic


You had one spell level left.
You knew the following spells:

 Your Spells              Type           Power      Damage    Failure   Level
a - Foxfire               Conj/Fire      100%       2x1d9     1%          1
b - Conjure Flame         Conj/Fire      42%        6-21      1%          3
c - Inner Flame           Hex/Fire       37%        N/A       1%          3
d - Flame Wave            Conj/Fire      42%        3d8       3%          4
e - Mephitic Cloud        Conj/Pois/Air  29%        N/A       3%          3
f - Ignite Poison         Fire/Tmut/Pois 29%        N/A       3%          3
g - Airstrike             Air            13%        N/A       14%         4

Your spell library contained the following spells:

 Spells                   Type           Power      Damage    Failure   Level
 Shock                    Conj/Air       100%       1d9       1%          1
 Scorch                   Fire           100%       2d10      1%          2
 Swiftness                Air            27%        N/A       4%          3
 Ensorcelled Hibernation  Hex/Ice        30%        N/A       6%          2
 Tukima's Dance           Hex            23%        N/A       6%          3
 Portal Projectile        Hex/Tloc       30%        N/A       12%         3
 Gell's Gravitas          Tloc           3%         N/A       22%         3
 Lesser Beckoning         Tloc           7%         N/A       22%         3
 Teleport Other           Tloc           7%         N/A       22%         3
 Freezing Cloud           Conj/Ice/Air   11%        6-21      50%         5
 Blade Hands              Tmut           4%         N/A       89%         5
 Excruciating Wounds      Necr           3%         N/A       91%         5


Dungeon Overview and Level Annotations

Branches:
Dungeon (7/15)             Temple (1/1) D:5          Bailey (1/1)

Altars:
Cheibriados
Dithmenos
Fedhas
Gozag
Hepliaklqana
Kikubaaqudgha
Ru
Trog
Uskayaw
Wu Jian
Xom
The Shining One
Lugonu


Innate Abilities, Weirdness & Mutations

You cannot wear most types of armour.
You are amphibious.
You can wear up to eight rings at the same time.
Your skin changes colour to match your surroundings (Stealth+).
Your rubbery body absorbs attacks. (AC +1, EV +1)
((You are camouflaged near water. (Stealth+)))
You have tentacles for arms and can constrict up to eight enemies at once.


Message History

The foxfire hits the orc knight but does no damage.
The orc knight is lightly wounded.
The orc knight is engulfed in blazing flames.
Flame seeps out of the orc knight.
Casting: Mephitic Cloud (dangerous; 3% risk of failure)
Confirm with . or Enter, or press ? or * to list all spells.
Aiming: Mephitic Cloud (dangerous; 3% risk of failure)
Press: ? - help, Shift-Dir - straight line The ball explodes into a vile cloud!
The stinking cloud engulfs the orc knight but does no damage.
The orc knight is lightly wounded.
The orc knight is engulfed in noxious fumes.
Flame seeps out of the orc knight.
The orc knight is engulfed in noxious fumes.
Flame seeps out of the orc knight.
Casting: Mephitic Cloud (dangerous; 3% risk of failure)
Confirm with . or Enter, or press ? or * to list all spells.
Okay, then.
The orc knight is engulfed in noxious fumes.
Flame seeps out of the orc knight.
Casting: Mephitic Cloud (dangerous; 3% risk of failure)
Confirm with . or Enter, or press ? or * to list all spells.
Okay, then.
Okay, then.
Casting: Mephitic Cloud (dangerous; 3% risk of failure)
Confirm with . or Enter, or press ? or * to list all spells.
Aiming: Mephitic Cloud (dangerous; 3% risk of failure)
Press: ? - help, Shift-Dir - straight line, f - orc knight
Aim: an orc knight, wielding a +0 broad axe and wearing a +0 scale mail (moderately wounded, inner flame, chance to affect: 58%)
The ball explodes into a vile cloud!
The stinking cloud engulfs the orc knight but does no damage.
The orc knight is moderately wounded.
The stinking cloud engulfs you but does no damage.
The orc knight is engulfed in noxious fumes.
The orc knight appears confused.
Flame seeps out of the orc knight.
The orc knight barely misses you.
The orc knight is engulfed in noxious fumes.
The orc knight appears confused.
The orc knight hits you with a +0 broad axe!!
You die...

)
.......##.....##
.......'.)).)..#
#
......##.).....##
# .....
#.......).#
##88.8
##......)..##
.###'
#.....⌠.....# #
#. ##.........##
# . #...☼○○)..# #
##..○°☼☼@##
#..○.☼o☼#
##...○○## ####+##
##.....##
#.......# #
##.......## #
#.........# ##
##.........##


You could see an orc knight (inner flame, confused).

Vanquished Creatures
  2 orc knights (Bailey)
  A troll (D:5)
  2 water moccasins
  12 orc warriors
  3 black bears
  An ice beast (D:6)
  A sky beast (D:6)
  3 ogres
  A centaur (D:7)
  2 phantoms (D:5)
  Blork the orc (D:6)
  2 scorpions
  A bullfrog (D:7)
  A gnoll sergeant (D:5)
  A wyvern zombie (D:7)
  A howler monkey (D:6)
  10 orc priests
  A hound (D:6)
  A centaur skeleton (D:7)
  3 iguanas
  3 orc wizards
  Terence (D:3)
  A hound zombie (D:5)
  A howler monkey zombie (D:5)
  11 gnolls
  7 adders
  A shadow imp (D:5)
  A white imp (D:6)
  3 ufetubi
  2 adder skeletons
  4 dart slugs
  41 orcs
  6 bats
  11 endoplasms
  4 giant cockroaches
  24 goblins
  21 hobgoblins
  8 jackals
  8 kobolds
  2 quokkas
  9 ball pythons
  6 frilled lizards
  8 rats
233 creatures vanquished.

Vanquished Creatures (collateral kills)
  A foxfire (D:1)
1 creature vanquished.

Vanquished Creatures (others)
  705 foxfires
  A fungus (D:4)
  A withered plant (D:1)
707 creatures vanquished.

Grand Total: 941 creatures vanquished

Notes
Turn   | Place    | Note
-------+----------+-------------------------------------------
     0 | D:1      | Conn the Octopode Fire Elementalist began the quest for the
                  | Orb.
     0 | D:1      | Reached XP level 1. HP: 11/11 MP: 3/3
   314 | D:2      | Reached XP level 2. HP: 11/17 MP: 5/5
   562 | D:1      | Found a faded altar of an unknown god.
   837 | D:1      | Reached XP level 3. HP: 21/21 MP: 6/6
  1274 | D:1      | Learned a level 3 spell: Conjure Flame
  1278 | D:1      | Learned a level 3 spell: Inner Flame
  1741 | D:2      | Reached XP level 4. HP: 27/27 MP: 8/8
  2223 | D:3      | Found an ornate altar of the Wu Jian Council.
  2438 | D:3      | Noticed Terence
  2457 | D:3      | Killed Terence
  3388 | D:4      | Reached XP level 5. HP: 31/31 MP: 9/9
  3394 | D:4      | Found a sacrificial altar of Ru.
  3416 | D:4      | Noticed an ogre
  3429 | D:4      | Noticed a black bear
  3454 | D:4      | Killed an ogre
  3454 | D:4      | Killed a black bear
  3455 | D:4      | Reached skill level 1 in Short Blades
  3455 | D:4      | Reached skill level 4 in Fire Magic
  3455 | D:4      | Reached XP level 6. HP: 37/37 MP: 3/11
  4157 | D:4      | Reached XP level 7. HP: 15/42 MP: 4/13
  4596 | D:4      | Found a blossoming altar of Fedhas.
  4747 | D:5      | Entered Level 5 of the Dungeon
  4772 | D:5      | Found a staircase to the Ecumenical Temple.
  4811 | D:5      | Reached skill level 1 in Hexes
  5085 | D:5      | Reached skill level 5 in Stealth
  5085 | D:5      | Reached skill level 5 in Fire Magic
  5097 | D:5      | Learned a level 4 spell: Flame Wave
  5317 | Temple   | Entered the Ecumenical Temple
  5490 | D:5      | Reached XP level 8. HP: 47/47 MP: 13/14
  5629 | D:5      | Reached skill level 5 in Spellcasting
  5928 | D:5      | Reached skill level 1 in Fighting
  5928 | D:5      | Reached skill level 6 in Fire Magic
  5985 | D:5      | Noticed a troll
  6118 | D:5      | Killed a troll
  6355 | D:5      | Learned a level 3 spell: Mephitic Cloud
  6359 | D:5      | Learned a level 3 spell: Ignite Poison
  6480 | D:6      | Reached XP level 9. HP: 47/53 MP: 17/17
  6528 | D:6      | Reached skill level 7 in Fire Magic
  6816 | D:6      | Reached skill level 1 in Poison Magic
  6955 | D:6      | Noticed Blork the orc
  6974 | D:6      | Killed Blork the orc
  7125 | D:6      | Reached skill level 1 in Air Magic
  8623 | D:7      | Found a flagged portal.
  8634 | Bailey   | Entered a bailey
  8947 | Bailey   | Reached skill level 8 in Fire Magic
  9087 | Bailey   | Identified the +5 trident of Chagrin {vorpal, Int+3}
  9142 | Bailey   | Noticed an orc knight
  9279 | Bailey   | Killed an orc knight
  9280 | Bailey   | Reached skill level 5 in Conjurations
  9280 | Bailey   | Reached XP level 10. HP: 45/60 MP: 14/19
  9407 | Bailey   | Noticed an orc knight
  9712 | Bailey   | Acquired the ring "Lefaoxam" {rPois rN++ AC+4 Str-5 Stlth-}
  9715 | Bailey   | Acquired the ring "Zeol" {rF+ rC+ rN+ Will+}
  9739 | Bailey   | Learned a level 4 spell: Airstrike
  9739 | Bailey   | Noticed an orc knight
  9874 | Bailey   | Killed an orc knight
  9875 | Bailey   | Reached skill level 9 in Fire Magic
  9937 | Bailey   | Reached skill level 1 in Polearms
 10224 | Bailey   | Noticed an orc warlord
 10312 | Bailey   | Slain by an orc knight

Illustrated notes

Levels and vault maps discovered:
D:1:      dpeg_arrival_refuge, layout_rooms, ebering_ecumenical_altar_petrified
D:2:      layout_basic
D:3:      layout_loops_corners, mainiacjoe_overflow_tiny_flanked, uniq_terence
D:4:      layout_loops_ring, mainiacjoe_overflow_surrounded_room,
          nicolae_ru_the_path_less_chosen
D:5:      layout_rooms, minmay_temple_entry_large_hall, minmay_checkerbox
D:6:      layout_basic, portal_sewer_entry_a, st_stairs_1, uniq_blork_the_orc
D:7:      layout_rooms, lemuel_zombie_altar_yredelemnul,
          nicolae_vehumet_radiance, gammafunk_ghost_berserking_beasts,
          enter_bailey_5, minmay_misc_feat_x
Temple:   kb_corrupted_temple
Bailey:   bailey_axe_minmay_hex_keep, bailey

Skill      XL: |  1  2  3  4  5  6  7  8  9 10 |
---------------+-------------------------------+-----
Stealth        | 3 4 5 |  5.7
Conjurations   | 2 3 4 5 |  5.4
Spellcasting   | 3 4 5 6 |  6.5
Short Blades   | 1 2 |  2.2
Fire Magic     | 4 5 6 8 9 |  9.0
Hexes          | 1 3 |  3.2
Fighting       | 1 2 |  2.0
Poison Magic   | 3 4 |  4.0
Air Magic      | 3 4 |  4.0
Dodging        | 3 |  3.5
Polearms       | 1 |  1.0
Transmutations | |  0.1

Action                   |  1- 3 |  4- 6 |  7- 9 | 10-12 || total
-------------------------+-------+-------+-------+-------++-------
Melee: Unarmed           |     3 |       |       |       ||     3
       Constrict         |     6 |     7 |    13 |     5 ||    31
       Rapier            |    12 |       |       |       ||    12
       Dagger            |     7 |    52 |    57 |       ||   116
       Tentacles         |     3 |    11 |     7 |     2 ||    23
       Trident           |       |       |       |    25 ||    25
 Cast: Foxfire           |    82 |    47 |   249 |    52 ||   430
       Inner Flame       |       |     7 |    34 |    11 ||    52
       Conjure Flame     |       |     3 |     6 |     1 ||    10
       Mephitic Cloud    |       |       |     6 |    17 ||    23
       Flame Wave        |       |       |       |     5 ||     5
       Ignite Poison     |       |       |       |     2 ||     2
  Use: Potion            |       |       |     9 |     5 ||    14
       Scroll            |       |       |       |     6 ||     6
 Stab: Sleeping          |       |     8 |     7 |       ||    15
       Distracted        |       |       |     1 |     1 ||     2
Armor: Skin              |       |     2 |     5 |     6 ||    13
Dodge: Dodged            |    22 |    18 |    58 |     8 ||   106

Table legend: (Time is in decaauts)
 A = Elapsed time spent in this place.
 B = Non-inter-level travel time spent in this place.
 C = Inter-level travel time spent in this place.
 D = Time resting spent in this place.
 E = Time spent auto-exploring this place.
 F = Levels seen in this place.
 G = Mean time per level.
                   A        B        C        D        E       F      G
               +--------+--------+--------+--------+--------+-----+--------+
         Total |  10272 |  10157 |    115 |   2104 |   5185 |   9 | 1141.3 |
       Dungeon |   8457 |   8362 |     95 |   1226 |   4982 |   7 | 1208.1 |
        Temple |    151 |    131 |     20 |      0 |    112 |   1 |  151.0 |
        Bailey |   1663 |   1663 |      0 |    878 |     91 |   1 | 1663.0 |
               +--------+--------+--------+--------+--------+-----+--------+

Top non-repeatable levels by time:
     D:6: 2151 daAuts
  Bailey: 1663 daAuts
     D:4: 1597 daAuts
     D:3: 1500 daAuts
     D:5: 1258 daAuts
     D:2: 951 daAuts
     D:1: 892 daAuts
  Temple: 151 daAuts
     D:7: 106 daAuts
